 Dungeon Crawl Stone Soup version 0.16-b1 (webtiles) character file.

186 McCoppin the Slasher (level 5, -5/34 HPs)
             Began as a High Elf Gladiator on Mar 11, 2015.
             Slain by an ice beast (14 damage)
             ... on level 5 of the Dungeon.
             The game lasted 00:12:27 (3265 turns).

McCoppin the Slasher (High Elf Gladiator)           Turns: 3265, Time: 00:12:27

Health: -5/34      AC: 11    Str: 14    XL:     5   Next: 38%
Magic:  8/8        EV:  4    Int: 12    God:
Gold:   164        SH:  0    Dex: 16    Spells: 0 memorised, 4 levels left

rFire  . . .     SeeInvis .     a - +0 long sword
rCold  . . .     Clarity  .     i - +0 plate armour
rNeg   . . .     SustAb   .     (no shield)
rPois  .         Gourm    .     c - +0 helmet
rElec  .         Spirit   .     (no cloak)
rCorr  .         Warding  .     (no gloves)
rMut   .         Stasis   .     (no boots)
MR     .....                    (no amulet)
Stlth  ..........               (no ring)
                                l - ring of teleport control

@: very slightly contaminated, hasted, very quick, not resistant to hostile
enchantments, extremely unstealthy
A: no striking features
a: Evoke Teleport Control


You were on level 5 of the Dungeon.
You were not hungry.

You visited 1 branch of the dungeon, and saw 5 of its levels.

You collected 164 gold pieces.

Inventory:

Hand weapons
 a - a +0 long sword (weapon)
Missiles
 d - 3 throwing nets (quivered)
Armour
 b - a +0 leather armour
 c - a +0 helmet (worn)
 e - a +0 ring mail
 i - a +0 plate armour (worn)
Jewellery
 l - a ring of teleport control (left hand)
Magical devices
 n - a wand of paralysis (11)
Scrolls
 g - a scroll of teleportation
 k - a scroll of amnesia
 t - 3 scrolls of fog
 u - a scroll of noise {unknown}
Potions
 j - a potion of poison {unknown}
 m - a potion of restore abilities
 o - a potion of curing
Books
 s - a book of Conjurations

   Spells                             Type                      Level
   a - Magic Dart                     Conjuration                  1
   b - Searing Ray                    Conjuration                  2
   c - Dazzling Spray                 Conjuration/Hexes            3
   d - Fulminant Prism                Conjuration/Hexes            4
   e - Iskenderun's Mystic Blast      Conjuration                  4
   f - Iskenderun's Battlesphere      Conjuration/Charms           5
Comestibles
 f - 4 bread rations
 p - 2 meat rations
 q - a slice of pizza


   Skills:
 - Level 2.0 Fighting
 + Level 7.4 Long Blades
 - Level 2.1 Throwing
 - Level 3.2 Dodging


You had 4 spell levels left.
You didn't know any spells.

Dungeon Overview and Level Annotations

Branches:
Dungeon (5/15)
 Temple: D:4-7

Altars:
Cheibriados
Dithmenos
Fedhas
Nemelex Xobeh
Vehumet


Message History

You hit the ice beast.
The ice beast is moderately wounded.
The ice beast hits you. The ice beast freezes you!
You are too injured to fight recklessly!
You are too injured to fight recklessly!
You are too injured to fight recklessly!
You hit the ice beast but do no damage.
The ice beast is moderately wounded.
The ice beast barely misses you.
You hit the ice beast but do no damage.
The ice beast is moderately wounded.
You hit the ice beast.
The ice beast is moderately wounded.
The ice beast hits you. The ice beast freezes you!
Your plate armour prevents you from hitting the ice beast.
The ice beast is moderately wounded.
The ice beast hits you.
* * * LOW HITPOINT WARNING * * *
The ice beast freezes you!
You die...

..#.###.# . ..#..##.# ..
#.#...#.# #. #.#...#.# #.
#>#..##.# #. #<......#
#.##
#.####..#######..#######
#.#.............Y........
#.#.##..########@#
#................#
###.##############
............ ###.#######
#.# #.# #.# #..


You could see an ice beast.

Vanquished Creatures
  A crimson imp (D:5)
  A hound (D:4)
  Natasha (twice) (D:3)
  4 adders
  2 giant geckos
  An orc (D:4)
  A ball python (D:2)
  2 hobgoblins (D:1)
  5 jackals
  9 kobolds
  A quokka (D:3)
  7 bats
  2 giant cockroaches
  A giant gecko skeleton (D:4)
  4 giant newts
  7 goblins
  7 rats
57 creatures vanquished.

Notes
Turn   | Place    | Note
--------------------------------------------------------------
     0 | D:1      | McCoppin, the High Elf Gladiator, began the quest for the Orb.
     0 | D:1      | Reached XP level 1. HP: 14/14 MP: 2/2
   167 | D:1      | Reached skill level 4 in Long Blades
   360 | D:1      | Reached XP level 2. HP: 19/19 MP: 3/3
   860 | D:2      | Found a blossoming altar of Fedhas.
   870 | D:2      | Found a radiant altar of Vehumet.
   981 | D:2      | Reached skill level 5 in Long Blades
  1298 | D:2      | Reached XP level 3. HP: 22/24 MP: 5/5
  1889 | D:3      | Noticed Natasha
  1908 | D:3      | Killed Natasha
  1908 | D:3      | Reached skill level 6 in Long Blades
  1908 | D:3      | Reached XP level 4. HP: 2/29 MP: 7/7
  2202 | D:3      | Found a shadowy altar of Dithmenos.
  2335 | D:3      | Noticed Natasha
  2340 | D:3      | Killed Natasha
  2514 | D:4      | Found a snail-covered altar of Cheibriados.
  2846 | D:4      | Reached XP level 5. HP: 34/34 MP: 8/8
  2960 | D:4      | Found a sparkling altar of Nemelex Xobeh.
  2995 | D:4      | Reached skill level 7 in Long Blades
  3183 | D:5      | Entered Level 5 of the Dungeon
  3254 | D:5      | Noticed an ice beast
  3265 | D:5      | Slain by an ice beast

Action                   |  1- 3 |  4- 6 || total
-------------------------+-------+-------++-------
Melee: Long sword        |   122 |    85 ||   207
Evoke: Wand              |       |     1 ||     1
  Use: Scroll            |     3 |     2 ||     5
       Potion            |     2 |     2 ||     4
 Stab: Paralysed         |       |     1 ||     1
  Eat: Bread ration      |     1 |       ||     1
       Chunk             |       |     3 ||     3
